 Dungeon Crawl Stone Soup version 0.29.1-12-g30fa7ad0bf (webtiles) character file.

Game seed: 9910808944811801495

56565 DildoBatman the Protected (level 15, -5/120 HPs)
             Began as a Formicid Conjurer on Jan 13, 2023.
             Was an Initiate of Gozag.
             Killed from afar by an oklob plant (26 damage)
             ... with a splash of acid
             ... on level 3 of the Lair of Beasts on Jan 14, 2023.
             The game lasted 01:36:16 (21981 turns).

DildoBatman the Protected (Formicid Conjurer)      Turns: 21981, Time: 01:36:17

Health: -5/120     AC:  3    Str: 11    XL:     15   Next: 22%
Magic:  29/29      EV: 16    Int: 32    God:    Gozag
Gold:   3920       SH: 12    Dex: 16    Spells: 14/34 levels left

rFire   + . .      SeeInvis +   a - +4 halberd
rCold   . . .      Faith    .   m - +0 kite shield
rNeg    . . .      Spirit   .   B - +1 robe of Illecrev {Contam Fly rPois Archmagi}
rPois   +          Reflect  .   (helmet unavailable)
rElec   .          Harm     .   w - +2 cloak
rCorr   .          Rampage  .   e - +0 pair of gloves
Will    +....      Archmagi +   (no boots)
Stlth   ++........              r - amulet of Vitality {RegenMP++ Regen++}
HPRegen 1.90/turn               S - +4 ring of protection
MPRegen 1.01/turn               V - ring "Efyma" {Int+6 Dex+4}

@: corroded, flying
A: permanent stasis, dig shafts and tunnels, antennae 3, four strong arms,
iridescent scales 1, fire resistance 1
a: Dig, Shaft Self, Renounce Religion, Potion Petition, Call Merchant, Bribe
Branch


You were on level 3 of the Lair of Beasts.
You worshipped Gozag.
Gozag was most pleased with you.
You visited 4 branches of the dungeon, and saw 19 of its levels.
You also visited: Bailey and Gauntlet.

You collected 4545 gold pieces.
You paid 625 gold pieces to Gozag.

Inventory:

Hand Weapons
 a - a +4 halberd (weapon)
 b - a +0 shortbow
 d - a +1 scimitar of electrocution
Missiles
 l - 16 poisoned darts
 u - 5 curare-tipped darts
 C - a throwing net
 N - 7 silver javelins
Armour
 e - a +0 pair of gloves (worn)
 f - a +0 leather armour of fire resistance
 m - a +0 kite shield (worn)
 v - a +1 robe of willpower
 w - a +2 cloak (worn)
 B - the +1 robe of Illecrev (worn) {Contam Fly rPois Archmagi}
   (You found it on level 9 of the Dungeon)

   rPois:     It protects you from poison.
   Fly:       It grants you flight.
   Contam:    It causes magical contamination when unequipped.
   Archmagi:  It increases the power of your magical spells.
 L - the +0 pair of boots of Pac Zugg {rC+ Dex-4 SInv}
   (You found it in a Gauntlet)

   Dex:       It affects your dexterity (-4).
   rC:        It protects you from cold.
   SInv:      It lets you see invisible.
Magical Staves
 s - a staff of cold
 J - a staff of air
Jewellery
 c - the ring of Nommif {rElec rF+ rN+}
   (You took it off a spriggan on level 5 of the Lair of Beasts)

   [ring of positive energy]

   rF:        It protects you from fire.
   rElec:     It insulates you from electricity.
   rN:        It protects you from negative energy.
 r - the amulet of Vitality (around neck) {RegenMP++ Regen++}
   (You found it in a Gauntlet)

   [amulet of magic regeneration]

   It increases your rate of magic regeneration.
   Regen:     It increases your rate of health regeneration.
 y - a ring of protection from fire
 F - a ring of protection from cold
 O - the ring "Myon" {rPois rC+}
   (You took it off a minotaur in a Gauntlet)

   [ring of protection from cold]

   rC:        It protects you from cold.
   rPois:     It protects you from poison.
 S - a +4 ring of protection (left hand)
 V - the ring "Efyma" (right hand) {Int+6 Dex+4}
   (You found it on level 2 of the Lair of Beasts)

   [ring of intelligence]

   Int:       It affects your intelligence (+6).
   Dex:       It affects your dexterity (+4).
Wands
 j - a wand of digging (8)
 q - a wand of roots (12)
 t - a wand of mindburst (5)
 E - a wand of acid (20)
 P - a wand of flame (13)
Scrolls
 k - 2 scrolls of immolation
 o - 3 scrolls of amnesia
 x - 3 scrolls of poison
 z - 7 scrolls of identify
 D - a scroll of enchant armour
 I - 4 scrolls of fog
 K - a scroll of noise {unknown}
 Q - a scroll of fear
 T - a scroll of enchant weapon {unknown}
 Y - a scroll of silence {unknown}
Potions
 g - 2 potions of might
 h - a potion of lignification
 i - a potion of magic
 n - 2 potions of flight
 p - 3 potions of haste
 G - 3 potions of mutation
 H - 5 potions of curing
 M - 3 potions of invisibility {unknown}
 W - a potion of brilliance
 X - a potion of attraction {unknown}
Miscellaneous
 U - a phial of floods


   Skills:
 * Level 11.9 Fighting
 * Level 11.9 Armour
 * Level 9.5 Dodging
 - Level 2.4 Stealth
 * Level 11.4 Shields
 * Level 10.4 Spellcasting
 - Level 6.0 Conjurations
 * Level 7.5 Necromancy
 - Level 6.0 Fire Magic
 * Level 7.4 Earth Magic


You had 14 spell levels left.
You knew the following spells:

 Your Spells              Type           Power      Damage    Failure   Level
a - Searing Ray           Conj           100%       2d8       1%          2
b - Conjure Flame         Conj/Fire      70%        6-21      1%          3
c - Magic Dart            Conj           100%       1d8       1%          1
d - Vampiric Draining     Necr           77%        2d11      1%          3
e - Lee's Rapid Deconstr  Erth           38%        3d20*     6%          5
h - Dispel Undead         Necr           77%        3d25      2%          4
z - Sublimation of Blood  Necr           77%        N/A       1%          2

Your spell library contained the following spells:

 Spells                   Type           Power      Damage    Failure   Level
 Foxfire                  Conj/Fire      100%       2x1d9     1%          1
 Necrotise                Necr           100%       1d9       1%          1
 Apportation              Tloc           50%        N/A       4%          1
 Beastly Appendage        Tmut           50%        N/A       4%          1
 Freeze                   Ice            100%       1d11      4%          1
 Dazzling Flash           Conj/Hex       100%       N/A       4%          3
 Inner Flame              Hex/Fire       52%        N/A       4%          3
 Flame Wave               Conj/Fire      70%        2d16      4%          4
 Agony                    Necr           77%        N/A       6%          5
 Wereblood                Tmut           25%        N/A       8%          2
 Leda's Liquefaction      Hex/Erth       28%        N/A       11%         4
 Fulminant Prism          Conj/Hex       26%        3d14      14%         4
 Hailstorm                Conj/Ice       52%        3d12      14%         4
 Iskenderun's Mystic Bla  Conj/Tloc      52%        2d11      14%         4
 Frozen Ramparts          Ice            50%        1d8       16%         3
 Gell's Gravitas          Tloc           25%        N/A       16%         3
 Lesser Beckoning         Tloc           25%        N/A       16%         3
 Spider Form              Tmut/Pois      25%        N/A       16%         3
 Teleport Other           Tloc           25%        N/A       16%         3
 Death Channel            Necr           38%        N/A       34%         6
 Summon Ice Beast         Ice/Summ       25%        N/A       45%         4
 Summon Mana Viper        Hex/Summ       25%        N/A       80%         5
 Statue Form              Tmut/Erth      38%        N/A       86%         6
 Dispersal                Tloc           12%        N/A       100%        6
 Dragon Form              Tmut           12%        N/A       100%        7
 Monstrous Menagerie      Summ           12%        N/A       100%        7
 Borgnjor's Revivificati  Necr           38%        N/A       100%        8
 Necromutation            Tmut/Necr      28%        N/A       100%        8
 Animate Dead             Necr           Unusable   N/A       N/A         4
 Corpse Rot               Necr/Pois/Air  Unusable   N/A       N/A         4
 Simulacrum               Ice/Necr       Unusable   N/A       N/A         6

Dungeon Overview and Level Annotations

Branches:
Dungeon (11/15)            Temple (1/1) D:6            Lair (5/5) D:10
  Swamp (0/4) Lair:3        Snake (0/4) Lair:2        Slime (0/5) Lair:5
    Orc (2/2) D:10            Elf (0/3) Orc:2        Bailey (visited)
Gauntlet (visited)

Altars:
Ashenzari
Cheibriados
Dithmenos
Elyvilon
Fedhas
Gozag
Hepliaklqana
Kikubaaqudgha
Makhleb
Nemelex Xobeh
Okawaru
Qazlal
Ru
Sif Muna
Trog
Uskayaw
Vehumet
Wu Jian
Xom
Yredelemnul
Zin
The Shining One
Lugonu

Shops:
D:4 (   D:5 **

Portals:
Abyss: Lair:5

Annotations:
D:10 Erolcha
Lair:3 1 runed translucent door, exclusion: 4 oklob plants, KhryDL's ghost, journeyman MiBe
Orc:1 2 exclusions


Innate Abilities, Weirdness & Mutations

You cannot be hasted, slowed, berserked, paralysed or teleported.
You can dig through walls and to a lower floor.
You have a pair of large antennae on your head. (SInv)
Your four strong arms can wield two-handed weapons with a shield.
You are partially covered in iridescent scales. (AC +2)
Your flesh is heat resistant. (rF+)


Message History

HP restored.
Really fly into a travel-excluded area?
The oklob plant spits acid at you. The splash of acid hits you!
The oklob plant spits acid at you. The splash of acid hits you!
The acid corrodes you!
Casting: Searing Ray (safe; 1% risk of failure)
Confirm with . or Enter, or press ? or * to list all spells.
Aiming: Searing Ray (safe; 1% risk of failure)
Press: ? - help, Shift-Dir - straight line, f/p - oklob plant
Aim: an oklob plant (100% to hit)
You feel a surge of power!
The searing ray hits the oklob plant.
The oklob plant is severely damaged.
The searing ray hits the oklob plant.
The oklob plant is severely damaged.
The searing ray hits the oklob plant!
The oklob plant is lightly damaged. (Press . to maintain the ray.)
The oklob plant spits acid at you. The splash of acid hits you!!
The searing ray hits the oklob plant.
The oklob plant is severely damaged.
The searing ray hits the oklob plant!
The oklob plant is almost destroyed.
The searing ray hits the oklob plant but does no damage.
The oklob plant is lightly damaged.
The oklob plant spits acid at you. The splash of acid hits you!!
The acid corrodes you! The oklob plant spits acid at you.
The splash of acid hits you!! The acid corrodes you!
The oklob plant spits acid at you. The splash of acid hits you!
The oklob plant spits acid at you. The splash of acid hits you!!
You die...
Your body crumbles into a pile of gold.

..........................#...##
.....#.........................#
............PPP...............##
....#......PPP....?.......##..#
....#...$...P.P..........###.##
..............P..........##..#
.............................#
.............................#
................@.......##...#
P....##.#...#.##.......###[.##
........#P....#.P.....## #..##
..............#.P.....# #...#
...............##P....####..##
..(.........................#
.....................^.....<#
.........#.............##...####
........#...............##..##.#


You could see 4 oklob plants.

Vanquished Creatures
  A minotaur (Gauntlet)
  2 vault guards (Bailey)
  7 hydras
  A boulder beetle (Lair:5)
  2 two-headed ogres (D:9)
  4 thrashing horrors
  10 death yaks
  A fire crab (Gauntlet)
  Pikel (D:7)
  An orc sorcerer (Orc:1)
  An ugly thing (Lair:5)
  A cyclops (D:11)
  A worldbinder (Gauntlet)
  11 elephants
  2 black mambas (Lair:5)
  9 cane toads
  An ice statue (D:8)
  3 rime drakes
  A smoke demon (Lair:5)
  A large abomination (Lair:5)
  11 komodo dragons
  3 ancient zymes (Lair:5)
  2 polar bears
  A tyrant leech (Lair:3)
  2 hornets
  23 blink frogs
  A slime creature (D:7)
  Prince Ribbit (Bailey)
  5 dream sheep (Lair:4)
  A spriggan (Lair:5)
  2 shadows
  A spriggan (shapeshifter) (Lair:5)
  Sigmund (D:2)
  6 humans (Bailey)
  23 yaks
  2 wyverns
  A wraith (D:11)
  2 ynoxinuls (Lair:5)
  A golden eye (shapeshifter) (Lair:5)
  6 basilisks
  2 steam dragons (D:8)
  Eustachio (D:4)
  2 chaos spawn (Lair:5)
  A vampire mosquito (D:11)
  Menkaure (D:4)
  A swamp worm (Lair:3)
  4 nagas (Lair:2)
  A warg (Orc:1)
  An acid dragon (D:9)
  Duvessa (D:5)
  14 water moccasins
  14 orc warriors
  3 black bears
  2 ice beasts
  2 sky beasts
  5 ogres
  A boggart (Gauntlet)
  18 wolves
  4 centaurs
  4 lemures (D:7)
  20 bullfrogs
  3 kobold brigands
  3 necrophages
  12 small abominations
  2 scorpions (D:5)
  7 wights
  Dowan (D:5)
  A killer bee (D:8)
  A vampire bat (D:5)
  An electric eel (Lair:4)
  3 howler monkeys
  14 jellies
  A jelly (shapeshifter) (Lair:5)
  Crazy Yiuf (D:2)
  8 hounds
  10 orc priests
  Ijyb (D:4)
  7 iguanas
  4 hell rats (Lair:2)
  17 orc wizards
  A gnoll (D:2)
  3 adders
  4 white imps
  2 ufetubi
  3 dart slugs
  6 fire bats
  78 orcs
  2 spectral bats (D:5)
  12 bats
  3 bat skeletons (D:5)
  A bat zombie (D:5)
  22 endoplasms
  3 giant cockroaches
  12 goblins
  10 hobgoblins
  2 jackals (D:1)
  A quokka (D:1)
  9 ball pythons
  A bat simulacrum (D:5)
  3 frilled lizards
  20 kobolds
  4 rats
  A bush (Lair:4)
558 creatures vanquished.

Vanquished Creatures (others)
  A bush (Lair:5)
  4 demonic plants (Gauntlet)
  61 fungi
  72 plants
138 creatures vanquished.

Grand Total: 696 creatures vanquished

Notes
Turn   | Place    | Note
-------+----------+-------------------------------------------
     0 | D:1      | DildoBatman the Formicid Conjurer began the quest for the
                  | Orb.
     0 | D:1      | Reached XP level 1. HP: 13/13 MP: 3/3
   251 | D:1      | Reached XP level 2. HP: 10/20 MP: 3/5
   254 | D:1      | Learned a level 2 spell: Searing Ray
   611 | D:1      | Reached skill level 1 in Fighting
   611 | D:1      | Reached skill level 1 in Armour
   660 | D:1      | Reached XP level 3. HP: 26/26 MP: 3/6
   953 | D:2      | Reached XP level 4. HP: 32/32 MP: 1/8
  1314 | D:2      | Found a runed translucent door.
  1399 | D:2      | Found a faded altar of an unknown god.
  1408 | D:2      | Noticed Sigmund
  1948 | D:4      | Found Eshrak's Weapon Shop.
  1962 | D:4      | Reached XP level 5. HP: 38/38 MP: 1/9
  2155 | D:4      | Noticed Menkaure
  2293 | D:4      | Noticed Eustachio
  2303 | D:4      | Noticed an ogre
  2317 | D:4      | Killed an ogre
  2318 | D:4      | Reached XP level 6. HP: 24/46 MP: 0/11
  2422 | D:4      | Noticed Ijyb
  2436 | D:4      | Killed Ijyb
  2443 | D:4      | HP: 2/47 [poisoned by Ijyb]
  2788 | D:4      | Found a radiant altar of Vehumet.
  3384 | D:5      | Entered Level 5 of the Dungeon
  3411 | D:5      | Found Nepraff's Assorted Antiques.
  3658 | D:5      | Found a shimmering blue altar of Sif Muna.
  3700 | D:5      | Reached XP level 7. HP: 52/52 MP: 8/13
  3820 | D:5      | Reached skill level 5 in Conjurations
  4162 | D:5      | Reached skill level 5 in Spellcasting
  4167 | D:5      | Noticed Duvessa
  4182 | D:5      | Found Momesch's Lightly-Used Armoury.
  4202 | D:5      | Reached XP level 8. HP: 40/58 MP: 3/16
  4615 | D:6      | You fall into a shaft and drop 1 floor!
  4713 | D:7      | Found a flagged portal.
  4832 | D:7      | Noticed Pikel
  4843 | D:7      | Killed Pikel
  4844 | D:7      | Reached skill level 5 in Fighting
  4844 | D:7      | Reached XP level 9. HP: 52/68 MP: 4/19
  4903 | D:6      | Reached skill level 5 in Armour
  5168 | Bailey   | Entered a bailey
  5282 | Bailey   | HP: 3/69 [human/+2 vorpal hand axe (2)]
  5716 | Bailey   | Reached XP level 10. HP: 35/77 MP: 14/20
  5729 | Bailey   | Reached skill level 5 in Dodging
  6033 | Bailey   | Noticed Prince Ribbit
  6046 | Bailey   | Killed Prince Ribbit
  6152 | Bailey   | Noticed a vault guard
  6260 | Bailey   | Killed a vault guard
  6593 | Bailey   | Noticed a vault guard
  6653 | Bailey   | Killed a vault guard
  7316 | D:6      | Found a staircase to the Ecumenical Temple.
  7325 | Temple   | Entered the Ecumenical Temple
  7500 | Temple   | Became a worshipper of Kikubaaqudgha
  7594 | D:5      | Noticed Dowan
  7619 | D:5      | Killed Duvessa
  7629 | D:5      | Killed Dowan
  7699 | D:4      | Killed Eustachio
  7700 | D:4      | Reached XP level 11. HP: 85/87 MP: 12/21
  7755 | D:4      | Killed Menkaure
  7868 | D:2      | Noticed Crazy Yiuf
  7941 | D:2      | Killed Sigmund
  7942 | D:2      | Reached skill level 1 in Necromancy
  8207 | D:2      | Killed Crazy Yiuf
  8255 | D:2      | You fall into a shaft and drop 2 floors!
  8863 | D:7      | Reached * piety under Kikubaaqudgha
  8863 | D:7      | Received a gift from Kikubaaqudgha
  9354 | D:8      | Reached ** piety under Kikubaaqudgha
  9360 | D:8      | Learned a level 2 spell: Sublimation of Blood
  9364 | D:8      | Learned a level 3 spell: Vampiric Draining
 10352 | D:9      | Noticed a two-headed ogre
 10517 | D:9      | Identified the +1 robe of Illecrev {Contam Fly rPois
                  | Archmagi}
 10670 | D:9      | Reached skill level 1 in Shields
 10758 | D:9      | Noticed a two-headed ogre
 11002 | D:9      | Gained mutation: You are partially covered in iridescent
                  | scales. (AC +2) [potion of mutation]
 11002 | D:9      | Gained mutation: Your flesh is heat resistant. (rF+)
                  | [potion of mutation]
 11005 | D:10     | Entered Level 10 of the Dungeon
 11096 | D:10     | Found a staircase to the Lair.
 11183 | D:10     | Noticed Erolcha
 11234 | D:10     | Reached XP level 12. HP: 30/97 MP: 6/24
 11504 | D:10     | Reached *** piety under Kikubaaqudgha
 11504 | D:10     | Received a gift from Kikubaaqudgha
 11511 | D:10     | Learned a level 4 spell: Dispel Undead
 11517 | D:10     | Learned a level 5 spell: Lee's Rapid Deconstruction
 11773 | D:10     | Found a staircase to the Orcish Mines.
 11962 | D:11     | Identified a scroll of acquirement
 11963 | D:11     | Acquired 816 gold pieces
 12001 | D:11     | Learned a level 3 spell: Conjure Flame
 12048 | D:11     | Noticed an eight-headed hydra
 12543 | D:11     | Reached skill level 1 in Earth Magic
 12740 | D:11     | Reached skill level 1 in Fire Magic
 12838 | Orc:1    | Entered Level 1 of the Orcish Mines
 12926 | Orc:1    | Reached skill level 10 in Fighting
 13073 | Orc:1    | Reached skill level 10 in Armour
 13444 | Orc:1    | Reached **** piety under Kikubaaqudgha
 13705 | Orc:2    | Entered Level 2 of the Orcish Mines
 13948 | Orc:2    | Found a staircase to the Elven Halls.
 14079 | Orc:2    | Found a gate leading to a gauntlet.
 14110 | Orc:2    | Reached ***** piety under Kikubaaqudgha
 14168 | Gauntlet | Entered a Gauntlet
 14168 | Gauntlet | Found a transporter.
 14168 | Gauntlet | Found a transporter.
 14175 | Gauntlet | Noticed a fire crab
 14183 | Gauntlet | Found a transporter.
 14196 | Gauntlet | Found a transporter.
 14199 | Gauntlet | Found a transporter.
 14201 | Gauntlet | Found a transporter.
 14201 | Gauntlet | Found a transporter.
 14202 | Gauntlet | Found a transporter.
 14203 | Gauntlet | Noticed a thrashing horror
 14214 | Gauntlet | Found a transporter.
 14232 | Gauntlet | Found a transporter.
 14242 | Gauntlet | Found a transporter.
 14242 | Gauntlet | Noticed a hell hog
 14259 | Gauntlet | Found a transporter.
 14277 | Gauntlet | Found a transporter.
 14284 | Gauntlet | Found a runed translucent door.
 14286 | Gauntlet | Found a runed translucent door.
 14290 | Gauntlet | Found a transporter.
 14389 | Gauntlet | Killed a fire crab
 14630 | Gauntlet | Noticed a merfolk aquamancer
 14632 | Gauntlet | Reached skill level 5 in Necromancy
 14637 | Gauntlet | Noticed a merfolk aquamancer
 14875 | Gauntlet | Killed a thrashing horror
 14879 | Gauntlet | Identified the +0 pair of boots of Pac Zugg {rC+ Dex-4
                  | SInv}
 15022 | Gauntlet | Identified the ring "Myon" {rPois rC+}
 15022 | Gauntlet | Noticed a minotaur
 15062 | Gauntlet | Killed a minotaur
 15076 | Gauntlet | Found the amulet of Vitality {RegenMP++ Regen++}
 15251 | Orc:2    | Noticed an orc warlord
 15306 | Orc:2    | Noticed an orc warlord
 15644 | D:9      | Killed a two-headed ogre
 15679 | D:9      | Killed a two-headed ogre
 15680 | D:9      | Reached XP level 13. HP: 42/104 MP: 9/26
 15940 | D:8      | Got Kikubaaqudgha's Vellum of Darkness and the Zephyr
 15942 | D:8      | Got the Folio of Changing and Peregrination
 15960 | D:8      | Fell from the grace of Kikubaaqudgha
 16039 | Temple   | Became a worshipper of Gozag Ym Sagoz the Greedy
 16180 | Lair:1   | Entered Level 1 of the Lair of Beasts
 16803 | Lair:2   | You are sucked into a shaft and drop 1 floor!
 16934 | Lair:3   | Reached skill level 5 in Earth Magic
 17203 | Lair:3   | Noticed an eight-headed hydra
 17223 | Lair:3   | You are sucked into a shaft and drop 2 floors!
 17223 | Lair:5   | Entered Level 5 of the Lair of Beasts
 17260 | Lair:5   | Noticed a four-headed hydra
 17618 | Lair:2   | Reached skill level 5 in Fire Magic
 17646 | Lair:2   | Noticed a four-headed hydra
 17656 | Lair:2   | Killed a four-headed hydra
 17695 | Lair:2   | Found a staircase to the Snake Pit.
 17915 | Lair:2   | Reached skill level 5 in Shields
 17915 | Lair:2   | Reached XP level 14. HP: 107/110 MP: 24/27
 18029 | Lair:2   | Identified the ring "Efyma" {Int+6 Dex+4}
 18406 | Lair:3   | Found a staircase to the Swamp.
 18687 | Lair:3   | Found a runed translucent door.
 18690 | Lair:3   | Found a shimmering altar of Xom.
 18690 | Lair:3   | Noticed KhryDL's ghost (journeyman MiBe)
 19000 | Lair:4   | Reached skill level 10 in Shields
 20007 | Lair:5   | Reached skill level 10 in Spellcasting
 20164 | Lair:5   | Found a staircase to the Slime Pits.
 20984 | Lair:5   | Identified the ring of Nommif {rElec rF+ rN+}
 21150 | Lair:5   | Reached XP level 15. HP: 104/120 MP: 25/29
 21314 | Lair:5   | Was forgiven by Kikubaaqudgha
 21734 | Lair:5   | Found a corrupted altar of Lugonu.
 21734 | Lair:5   | Found a one-way gate to the infinite horrors of the Abyss.
 21981 | Lair:3   | Killed from afar by an oklob plant

Illustrated notes

Levels and vault maps discovered:
D:1:      matt_arrival_los_fun, layout_basic, minmay_tromino_i2
D:2:      layout_rooms, ebering_ecumenical_altar_webs, uniq_sigmund,
          uniq_crazy_yiuf_cottage
D:3:      layout_basic
D:4:      layout_layer_cave, mainiacjoe_overflow_alcove_1, serial_shops, shop,
          uniq_menkaure, uniq_ijyb, uniq_eustachio
D:5:      layout_basic, lemuel_round_altar, serial_bayou_pond_d,
          minmay_shop_damaged, nicolae_take_the_stairs,
          ebering_dispersal_statue_hall, goddamned_bats, uniq_duvessa
D:6:      layout_basic, temple_fountains
D:7:      lemuel_slime, layout_basic, enter_bailey_5, uniq_pikel
D:8:      lemuel_ice_statue, layout_loops_cross, minmay_puff
D:9:      layout_irregular_city, hangedman_decor_diamond_cutter,
          kennysheep_generic_room_14
D:10:     layout_basic, due_lair_maze_entry_diamond, david_orc_2, uniq_erolcha
D:11:     layout_loops_ring
Temple:   nicolae_temple_slightly_damp_pantheon
Lair:1:   layout_hall_layers, chequers_serial_rivers_small_3,
          serial_bayou_pond_b
Lair:2:   layout_long_grid, minmay_snake_entry_guardpost_small,
          infiniplex_staircase_pool_2, lemuel_fruit_tree
Lair:3:   layout_gridlike, palyth_hydra_swamp_entry, ebering_ghost_xom,
          dpeg_oklob_1, lemuel_fruit_fields
Lair:4:   layout_hall_layers, serial_bayou_shore_a, grunt_megastairs_1
Lair:5:   hellmonk_lair_end_abyssal_woods, layout_cave_shapes,
          minmay_slime_entry_jelly_boxes, chequers_serial_rivers_micro_d,
          serial_bayou_pond_a, infiniplex_staircase_pool
Orc:1:    layout_caves
Orc:2:    kennysheep_orc_mage_school, layout_caves, gauntlet_entry_generic

Skill      XL: |  1  2  3  4  5  6  7  8  9 10 11 12 13 14 15 |
---------------+----------------------------------------------+-----
Dodging        | 2 3 4 6 7 8 9 |  9.5
Fighting       | 1 2 3 5 6 8 9 10 11 | 11.9
Armour         | 1 2 3 4 6 8 9 10 11 | 11.9
Conjurations   | 4 5 6 |  6.0
Spellcasting   | 3 4 5 7 8 9 10 | 10.4
Necromancy     | 4 5 6 7 |  7.5
Shields        | 2 3 5 11 | 11.4
Earth Magic    | 4 6 7 |  7.4
Fire Magic     | 3 5 6 |  6.0
Stealth        | |  2.4

Action                   |  1- 3 |  4- 6 |  7- 9 | 10-12 | 13-15 || total
-------------------------+-------+-------+-------+-------+-------++-------
Melee: Dagger            |     8 |    17 |    31 |       |       ||    56
       Spear             |     1 |    41 |       |       |       ||    42
       Rapier            |       |     2 |       |       |       ||     2
       Punch             |       |       |     3 |     1 |       ||     4
       Short sword       |       |       |    26 |       |       ||    26
       Halberd           |       |       |    26 |   437 |   552 ||  1015
 Fire: Shortbow          |       |       |    35 |    21 |     6 ||    62
 Cast: Magic Dart        |    41 |    46 |    11 |    33 |    17 ||   148
       Searing Ray       |     2 |    15 |    44 |    89 |    57 ||   207
       Vampiric Draining |       |       |       |    74 |   193 ||   267
       Sublimation of Bl |       |       |       |     1 |     1 ||     2
       Conjure Flame     |       |       |       |     8 |    61 ||    69
       Dispel Undead     |       |       |       |     2 |       ||     2
       Lee's Rapid Decon |       |       |       |       |     4 ||     4
Invok: Renounce Religion |       |       |       |       |     1 ||     1
 Abil: Dig               |       |       |     1 |    14 |    11 ||    26
       Shaft Self        |       |       |       |     1 |     1 ||     2
Evoke: Wand              |       |       |       |     9 |       ||     9
  Use: Scroll            |       |     1 |     7 |    15 |     1 ||    24
       Potion            |       |     3 |     4 |     6 |     1 ||    14
 Stab: Sleeping          |     1 |     1 |     4 |     4 |       ||    10
       Distracted        |       |       |       |       |     5 ||     5
Armor: Robe              |     4 |    20 |       |   125 |   384 ||   533
       Leather armour    |       |     1 |    76 |    70 |       ||   147
       Skin              |       |       |    15 |    31 |       ||    46
       Steam dragon scal |       |       |       |     5 |       ||     5
Dodge: Dodged            |     8 |    36 |   137 |   470 |   681 ||  1332
Block: Buckler           |       |       |       |   110 |   126 ||   236
       Kite shield       |       |       |       |       |   301 ||   301
